 Dungeon Crawl Stone Soup version 0.17.0-23-g0de4337 (webtiles) character file.

108 JudasIscariot the Shield-Bearer (level 4, -1/54 HPs)
             Began as a Demonspawn Fighter on Nov 14, 2015.
             Slain by JudasIscariot's ghost (7 damage)
             ... on level 3 of the Dungeon.
             The game lasted 00:06:56 (2351 turns).

JudasIscariot the Shield-Bearer (DsFi)              Turns: 2351, Time: 00:06:56

Health: -1/54      AC: 22    Str: 17    XL:     4   Next: 58%
Magic:  4/4        EV:  2    Int: 10    God:
Gold:   62         SH:  9    Dex: 12    Spells: 0 memorised, 3 levels left

rFire  . . .     SeeInvis .     a - +0 flail
rCold  . . .     Clarity  .     (armour currently unavailable)
rNeg   + + +     SustAt   .     c - +0 shield
rPois  +         Gourm    .     (helmet currently unavailable)
rElec  .         Spirit   .     (cloak currently unavailable)
rCorr  .         Warding  .     (gloves currently unavailable)
rMut   .         NoTele   +     (boots currently unavailable)
MR     .....                    (no amulet)
Stlth  +.........               (no ring)
                                (no ring)

@: tree-form, not resistant to hostile enchantments, very unstealthy
A: (antennae 0), demonic guardian 1
a: no special abilities


You were on level 3 of the Dungeon.
You were not hungry.
You were a tree.
You visited 1 branch of the dungeon, and saw 3 of its levels.

You collected 62 gold pieces.

Inventory:

Hand Weapons
 a - a +0 flail (weapon)
Armour
 b - a +0 scale mail
 c - a +0 shield (worn)
 l - a +0 chain mail (melded)
 n - a +0 pair of boots (melded)
Jewellery
 t - an uncursed amulet of resist corrosion {unknown}
Wands
 r - a wand of random effects (28)
 x - a wand of digging (13)
Scrolls
 f - 2 scrolls of enchant weapon {unknown}
 g - a scroll of remove curse
 h - a scroll of immolation {unknown}
 j - a scroll of teleportation {unknown}
 o - 2 scrolls of fog {unknown}
 p - 6 scrolls of identify {unknown}
 q - 2 scrolls of noise {unknown}
 s - a scroll of random uselessness {unknown}
 v - 2 scrolls of enchant armour {unknown}
 w - a scroll of amnesia {unknown}
 y - a scroll of fear {unknown}
Potions
 d - a potion of might
 u - a potion of resistance {unknown}
Comestibles
 e - 4 bread rations
 m - a beef jerky
 z - a slice of pizza


   Skills:
 * Level 3.6 Fighting
 * Level 2.2 Maces & Flails
 * Level 3.3 Armour
 * Level 3.7 Shields


You had 3 spell levels left.
You didn't know any spells.

Dungeon Overview and Level Annotations

Branches:
Dungeon (3/15)

Altars:

Annotations:
D:3 JudasIscariot's ghost, weakling DsFi


Innate Abilities, Weirdness & Mutations

((You have a pair of small antennae on your head.))
A weak demonic guardian rushes to your aid.


Message History

Here: JudasIscariot's ghost The floor.
JudasIscariot's ghost is nearby!
JudasIscariot's ghost wails.
You hit JudasIscariot's ghost but do no damage.
JudasIscariot's ghost hits you.
* * * LOW HITPOINT WARNING * * *
Press: ? - help, v - describe, . - travel The floor.
Drink which item? (? for menu, Esc to quit)
It was a potion of curing.
You feel better. JudasIscariot's ghost hits you.
* * * LOW HITPOINT WARNING * * *
Drink which item? (? for menu, Esc to quit)
It was a potion of lignification.
You turn into a tree.
Your +0 pair of boots melds into your body.
Your +0 chain mail melds into your body.
Your roots penetrate the ground.
You block JudasIscariot's ghost's attack.
You barely miss JudasIscariot's ghost. JudasIscariot's ghost hits you!
You die...

#.........# #.#
#.##.#.##.# #.# #
#.#.##.# #.# #......#
#.# ##...### ##.##
##.##.....## #.#.#
...#.......## ##..##
###.........####...##
..'.....W♣..'.......#
###.........####...##
##.......## #...###
##.....## #<..>.#
##...## #...#.# ##'##
#####.# #.# #.# #.##
#.# ##..## #.#


You could see JudasIscariot's ghost.

Vanquished Creatures
  Robin (D:2)
  3 gnolls (D:2)
  An adder (D:3)
  A worm (D:2)
  2 giant geckos
  5 giant cockroaches
  8 hobgoblins
  8 kobolds
  2 quokkas (D:2)
  3 bats
  3 giant newts
  10 goblins
  8 rats
55 creatures vanquished.

Vanquished Creatures (collateral kills)
  A gnoll (D:2)
1 creature vanquished.

Grand Total: 56 creatures vanquished

Notes
Turn   | Place    | Note
--------------------------------------------------------------
     0 | D:1      | JudasIscariot the Demonspawn Fighter began the quest for the Orb.
     0 | D:1      | Reached XP level 1. HP: 18/18 MP: 1/1
   172 | D:1      | Gained mutation: You have a pair of small antennae on your head. [demonic ancestry]
   172 | D:1      | Reached XP level 2. HP: 24/24 MP: 2/2
  1204 | D:2      | Gained mutation: A weak demonic guardian rushes to your aid. [demonic ancestry]
  1204 | D:2      | Reached XP level 3. HP: 19/29 MP: 3/3
  1451 | D:2      | Noticed Robin
  1466 | D:2      | Killed Robin
  1933 | D:2      | Reached XP level 4. HP: 33/35 MP: 4/4
  2337 | D:3      | Noticed JudasIscariot's ghost (weakling DsFi)
  2347 | D:3      | HP: 1/36 [JudasIscariot's ghost (5)]
  2351 | D:3      | Slain by JudasIscariot's ghost

Action                   |  1- 3 |  4- 6 || total
-------------------------+-------+-------++-------
Melee: Flail             |   213 |    43 ||   256
  Use: Scroll            |     1 |       ||     1
       Potion            |       |     2 ||     2
  Eat: Chunk             |     4 |     1 ||     5
